[Event "*** Titled Tuesday Blitz"]
[Site "Chess.com"]
[Date "2020.10.20"]
[Round "5"]
[White "crescentmoon2411"]
[Black "JonahWillow"]
[Result "1/2-1/2"]
[WhiteElo "2874"]
[BlackElo "2643"]
[TimeControl "180+1"]
[EndTime "10:59:23 PDT"]
[Termination "Game drawn by repetition"]

1. d4 Nf6 2. Nf3 e6 3. Bf4 c5 4. e3 cxd4 5. exd4 b6 6. Nbd2 Be7 7. Bd3 Bb7 8. c3 O-O 9. O-O d6 10. Re1 Nbd7 11. Nc4 Qc7 12. h3 Rfe8 13. Bh2 Bf8 14. a4 a6 15. Ncd2 e5 16. Qc2 Rac8 17. Ng5 g6 18.
Bc4 Re7 19. Qb3 d5 20. Bf1 Rce8 21. Ngf3 Ne4 22. Nxe4 dxe4 23. Nxe5 Nxe5 24. Bxe5 Qc6 25. Rad1 Rd8 26. Bf4 Bg7 27. Be3 h6 28. c4 Qc8 29.
Qxb6 Rc7 30. c5 Bd5 31. Qxa6 Rb7 32. b4 Qc7 33. c6 Ra7 34. Qb5 Bxc6 35. Qc4 Bd5 36.
Qxc7 Rxc7 37. b5 Bf8 38. Ra1 Bb4 39. Rec1 Ra7 40. b6 Rb7 41. a5 Ra8 42. Rcb1 Bxa5 43.
Rb5 Rxb6 44. Rxb6 Bxb6 45. Rb1 Ba7 46. Rb5 Bc6 47. Re5 Rb8 48. d5 Bxe3 49. fxe3 Bb5 50. Bxb5 Rxb5 51. Re8+ Kg7 52. d6 Rd5 53. Rd8 Kf6 54.
Kf2 Ke6 55. Re8+ Kf5 56. Rd8 Ke6 57. Re8+ Kf5 58. g4+ Kf6 59. Rd8 Ke6 60. Re8+ Kf6 61. Rxe4 Rxd6 62. Kf3 Kg7 63. h4 Rf6+ 64. Kg3 Ra6 65.
Rf4 Ra1 66. Kf3 Rf1+ 67. Kg3 Rh1 68. Re4 Rg1+ 69. Kf3 Rb1 70. Rd4 Rh1 71. Kg3 Rg1+ 72.
Kf3 Ra1 73. Kg3 Rg1+ 74. Kf3 g5 75. hxg5 hxg5 76. Rd5 Kg6 77. Rd6+ f6 78. e4 Rf1+ 79. Kg3 Re1 80. Kf3 Kf7 81. Ra6 Rf1+ 82. Kg3 Rf4 83. Ra7+ Kg6 84. Re7 Kh6 85. e5 fxe5 86. Re6+ Kg7 87.
Rxe5 Kg6 88. Re6+ Kg7 89. Re5 Kg6 90. Re6+ Kg7 91. Re5 1/2-1/2

[Event "*** Titled Tuesday Blitz"]
[Site "Chess.com"]
[Date "2020.10.20"]
[Round "5"]
[White "Deepweb2020"]
[Black "JoliyRoger"]
[Result "0-1"]
[WhiteElo "2229"]
[BlackElo "2437"]
[TimeControl "180+1"]
[EndTime "10:59:38 PDT"]
[Termination "JoliyRoger won on time"]

1. d4 Nf6 2. c4 e6 3. g3 c5 4. Nf3 cxd4 5. Qxd4 Be7 6. Bg2 O-O 7. O-O d6 8. b3 Qc7 9. Bb2 Nbd7 10. Nc3 a6 11.
Rfd1 Rb8 12. Rac1 Nc5 13. Nd2 e5 14. Nd5 Nxd5 15. Qxd5 Be6 16. Qf3 Rfc8 17. Ne4 Nxe4 18. Qxe4 Qa5 19. Qb1 b5 20. Bc3 Qb6 21. cxb5 axb5 22.
Bd5 Bxd5 23. Rxd5 Qb7 24. e4 Rc6 25. Bb2 Rbc8 26. Rxc6 Qxc6 27. Ba3 h6 28. Qd3 Qc2 29. Qxc2 Rxc2 30. Bxd6 Bxd6 31. Rxd6 Rxa2 32. Rd5 b4 33.
Rb5 Re2 34. Rxb4 g5 35. Kg2 g4 36. Rb6 Kg7 37. Rb4 Kg6 38. Kf1 Rb2 39. Rb8 f6 40. b4 h5 41. b5 Kg7 42. b6 Rb1+ 43.
Ke2 Rb4 44. Kd3 Rd4+ 45. Kc3 Rd1 46. Kc2 Rd4 47. Kc3 Rd1 48. Kc4 Rc1+ 49. Kd5 Rb1 50. Ke6 Rc1 51. Kf5 Rf1 52. b7 Rxf2+ 53. Ke6 Rb2 54.
Kd6 Rb6+ 55. Kd5 Rb2 56. Ke6 Rb6+ 57. Kf5 Rb1 58. Ke6 Kg6 59. Kd7 Kg7 60. Kc7 Rc1+ 61. Kd6 Rb1 62. Kc5 Rc1+ 63. Kb4 Rb1+ 64. Kc3 Rb6 65.
Kd2 Rb1 66. Ke3 Rb3+ 67. Kf2 Rb2+ 68. Kg1 Rb6 69. Kf1 Rb2 70. Ke1 Kh7 71. Kd1 Rb1+ 72. Kc2 Rb6 73. Rf8 Rxb7 74. Rxf6 Ra7 75. Rf5 Kg6 76.
Rf8 Ra2+ 77. Kd3 Rxh2 78. Rg8+ Kf7 79. Rh8 Kg7 0-1

[Event "*** Titled Tuesday Blitz"]
[Site "Chess.com"]
[Date "2020.10.20"]
[Round "5"]
[White "profofchess"]
[Black "PLAYER_2006_M"]
[Result "0-1"]
[WhiteElo "2355"]
[BlackElo "2521"]
[TimeControl "180+1"]
[EndTime "10:59:51 PDT"]
[Termination "PLAYER_2006_M won by resignation"]

1. e4 e6 2. d4 d5 3. Nc3 Nf6 4.
Bg5 Bb4 5. e5 h6 6. Be3 Ne4 7.
Qg4 g6 8. a3 Bxc3+ 9. bxc3 c5 10.
Bd3 Nxc3 11. dxc5 Nc6 12. Nf3 Ne4 13. O-O Qe7 14. Bxe4 dxe4 15. Qxe4 Bd7 16. Rfb1 Nd8 17. Nd4 Bc6 18. Nxc6 Nxc6 19. Rb3 O-O-O 20. Rab1 Qc7 21.
f4 Rd5 22. Rd3 Rhd8 23. Rbd1 Rxd3 24. Rxd3 Rxd3 25. Qxd3 h5 26. Kf2 Ne7 27. Qd6 Qd7 28. g3 Nf5 29. Qxd7+ Kxd7 30. c6+ Kxc6 31. Bxa7 b6 32. Bb8 Nd4 33. Bd6 Nxc2 34. Ke2 Nd4+ 35. Ke3 Nb5 36. Bb4 Kd5 37. Kd3 Nd4 38. a4 Nc6 39.
Bc3 Kc5 40. Bd2 Nb4+ 41. Kc3 Nd5+ 42. Kb3 Nc7 43. Be3+ Kc6 44. Kc4 b5+ 45. axb5+ Nxb5 46. Bd2 Nc7 47. Bb4 Nd5 48. Bd6 Ne3+ 49. Kd3 Nf1 50. Ke2 Nxh2 51. Kf2 Ng4+ 52. Kf3 Kd5 53. Be7 Nh6 54. Bf6 Kd4 55. Bg5 Nf5 56. Bf6 Ne3 57.
Bg5 Kd3 58. Bf6 Ng4 59. Bd8 Kd4 60. Bb6+ Kd5 61. Ba7 Kc6 62. Bg1 Kd7 63. Ba7 Ke7 64.
Bb6 Kf8 65. Bc5+ Kg7 66. Bb6 Kh6 67. Bd8 Kg7 68. Bg5 Kh7 69. Be7 Kg7 70. Bd8 f6 71.
exf6+ Nxf6 72. Be7 Kf7 73. Bd8 Ng4 74. Bg5 e5 75. fxe5 Nxe5+ 76. Ke4 Ke6 77. Bd8 Nf7 78.
Bc7 Nd6+ 79. Kf3 Nf7 80. Bb8 Kf5 81. Kg2 Kg4 82. Bc7 Ng5 83. Bb8 Ne4 84. Bc7 Nd2 85.
Bb8 Nf3 86. Kf2 Ng5 87. Kg2 Ne6 88. Bd6 Nd4 89. Bb8 Nc2 90. Kf2 Kh3 91. Kf3 g5 92. Kf2 Nd4 93. Be5 Nf5 94. Bf6 Nxg3 95. Kf3 g4+ 96. Kf2 Ne4+ 97. Ke3 Nxf6 0-1

[Event "*** Titled Tuesday Blitz"]
[Site "Chess.com"]
[Date "2020.10.20"]
[Round "5"]
[White "arminmusovic"]
[Black "TrimitziosP7"]
[Result "1/2-1/2"]
[WhiteElo "2571"]
[BlackElo "2762"]
[TimeControl "180+1"]
[EndTime "11:00:24 PDT"]
[Termination "Game drawn - insufficient material"]

1. a3 d5 2. Nc3 Bf5 3. d4 Nf6 4. Bf4 e6 5. e3 a6 6. Nf3 Bd6 7. Bg3 O-O 8. Bd3 Bg6 9. O-O Qe7 10. Re1 Nbd7 11. Bh4 c6 12. e4 dxe4 13. Nxe4 Bxe4 14.
Bxe4 Qd8 15. c3 Qc7 16. Bc2 c5 17. Rc1 Rad8 18. Bb1 Rfe8 19. b4 c4 20. Qc2 g6 21.
Qd2 Bf4 22. Bg3 Bxd2 23. Bxc7 Bxe1 24. Bxd8 Bxf2+ 25. Kxf2 Rxd8 26. h3 b5 27. Ng5 Nb6 28. Ne4 Nxe4+ 29. Bxe4 Na4 30. Ke3 Rd6 31. g4 f5 32. Bf3 Kf7 33. Bd1 Nb6 34. Bf3 Kf6 35.
Rg1 Nd5+ 36. Bxd5 exd5 37. gxf5 Kxf5 38. h4 Re6+ 39. Kf3 h6 40. a4 Re4 41. axb5 axb5 42.
Rh1 Rf4+ 43. Ke3 h5 44. Rh2 Rf1 45. Rg2 Re1+ 46. Kf3 Rc1 47. Rg5+ Ke6 48. Rxg6+ Kd7 49. Rg7+ Ke6 50. Kf4 Rf1+ 51. Ke3 Re1+ 52. Kf4 Re4+ 53. Kf3 Rxh4 54. Rb7 Rh3+ 55. Kf4 Rxc3 56. Rb6+ Kd7 57. Ke5 Rg3 58. Kxd5 Rg5+ 59. Ke4 Kc7 60. Rh6 c3 61. d5 Rg4+ 62. Kd3 Rc4 63. Kc2 h4 64. Rh7+ Kd6 65. Rh5 Rxb4 66. Kxc3 Rc4+ 67. Kb3 Rg4 68. Kc3 Rg3+ 69. Kb4 h3 70. Kxb5 Rc3 71. Kb4 Rg3 72. Kc4 Rg4+ 73. Kd3 Rg3+ 74. Kd4 Rg4+ 75. Ke3 Ra4 76. Kf3 Ra3+ 77. Kf2 Kc5 78. Kg1 Rd3 79. Kh2 Kd6 80. Rxh3 Rxd5 81. Re3 Rg5 82. Kh3 Kd5 83. Re1 Kd4 84. Kh4 Rg8 85. Kh5 Kd3 86.
Kh6 Kd2 87. Re7 Rh8+ 88. Kg7 Rh2 89. Kf7 Kd3 90. Kf6 Kd4 91. Re1 Rh6+ 92. Kg5 Rh8 93.
Kg6 Rg8+ 94. Kf7 Rg2 95. Kf6 Kd3 96. Kf5 Rf2+ 97. Kg4 Rf8 98. Re7 Kc4 99. Kg5 Kd5 100. Re1 Rg8+ 101. Kf6 Rg2 102. Kf5 Rf2+ 103. Kg4 Rd2 104. Kf3 Rd3+ 105. Kf4 Rd4+ 106. Kf5 Kc4 107. Re8 Rd5+ 108. Kf6 Rd2 109. Kf5 Kd3 110. Rd8+ Kc2 111. Rxd2+ Kxd2 1/2-1/2

[Event "*** Titled Tuesday Blitz"]
[Site "Chess.com"]
[Date "2020.10.20"]
[Round "5"]
[White "KaterinaMiroshnik"]
[Black "German_Bazeev"]
[Result "0-1"]
[WhiteElo "2470"]
[BlackElo "2716"]
[TimeControl "180+1"]
[EndTime "11:00:35 PDT"]
[Termination "German_Bazeev won by resignation"]

1. d4 Nf6 2. Nf3 e6 3. g3 b5 4.
Bg2 Bb7 5. c3 c5 6. O-O d5 7.
Bg5 Nbd7 8. Nbd2 h6 9. Bf4 Be7 10. a4 b4 11. Ne5 bxc3 12. bxc3 O-O 13. Rb1 Qc8 14. Nxd7 Nxd7 15. c4 Nf6 16. cxd5 Nxd5 17. Qb3 Ba6 18. Rfe1 Nxf4 19. gxf4 Rb8 20. Qxb8 Qxb8 21.
Rxb8 Rxb8 22. dxc5 Bxc5 23. Ne4 Bb4 24. Rb1 Bxe2 25.
Nc3 Bg4 26. Nb5 Bc5 27. Rc1 Bb6 28. Nd6 Rd8 29. Nc4 Rc8 30. Bf1 Bf3 31. Rb1 Bd5 32. Nxb6 axb6 33. Be2 Rc6 34. Kf1 g6 35. f3 Bc4 36. Rb2 Bxe2+ 37. Kxe2 Rd6 38. Ke3 Kg7 39. Kf2 Kf6 40. Ke3 Ke7 41. Rb4 Kd7 42. h4 h5 43.
Rb5 Kc6 44. Re5 Rd5 45. Re4 Rd1 46. Rc4+ Kb7 47. Rb4 Rd5 48. Ke4 Ka6 49. Ke3 Ka5 50. Rc4 Rc5 51. Rd4 Rd5 52. Rc4 Rf5 53. Ke4 Ka6 54.
Rb4 Rd5 55. Rc4 Kb7 56. Rb4 Rc5 57. Rd4 Kc6 58. Ke3 e5 59. fxe5 Rxe5+ 60. Kf4 Rf5+ 61.
Kg3 Rd5 62. Re4 Rd7 63. Rf4 Kc5 64. Re4 Kc6 65. Kf4 Rd5 66. Re7 Rf5+ 67. Ke4 Rf6 68. Re8 Kc5 69. Re5+ Kc6 70. a5 bxa5 71. Rxa5 Kd7 72.
Ra7+ Ke8 73. Ke3 Kf8 74. Kf2 Kg7 75. Kg3 Re6 76. Ra3 Kf6 77. Rd3 Re7 78. Rd6+ Re6 79. Rd3 Kf5 80. Rd7 f6 81. Rd5+ Re5 82. Rd4 Ke6 83. Rf4 Re1 84. Ra4 Rg1+ 85. Kh2 Rf1 86. Kg2 Rd1 87. Ra6+ Rd6 88. Ra5 Kf7 89. Kg3 Kg7 90.
Ra7+ Kh6 91. Ra5 g5 92. Rf5 Kg6 93. Ra5 Re6 94. Rb5 Re5 95. Rb6 Kf5 96. hxg5 fxg5 97. Rb8 h4+ 98. Kh3 Kf4 99. Rf8+ Ke3 100. Kg4 Kf2 101. f4 Re4 102. Kh3 Rxf4 103. Ra8 Rf3+ 104. Kh2 Ke3 105. Ra3+ Kf4 106. Ra4+ Kf5 107. Ra2 Kg4 108. Ra4+ Rf4 109. Ra3 Rc4 110. Rb3 Rc2+ 111. Kg1 h3 112. Rb4+ Kg3 113. Rb3+ Kh4 114. Kh1 g4 115. Rb8 g3 0-1

[Event "*** Titled Tuesday Blitz"]
[Site "Chess.com"]
[Date "2020.10.20"]
[Round "5"]
[White "enriquetejedor"]
[Black "mirceaparligras"]
[Result "1/2-1/2"]
[WhiteElo "2486"]
[BlackElo "2648"]
[TimeControl "180+1"]
[EndTime "11:01:06 PDT"]
[Termination "Game drawn - insufficient material"]

1. e4 c5 2. Nf3 d6 3. d4 cxd4 4. Nxd4 Nf6 5. Nc3 a6 6. g3 e5 7. Nde2 Be7 8. Bg2 O-O 9. O-O b5 10. a4 b4 11. Nd5 Nxd5 12. Qxd5 Ra7 13. Be3 Be6 14. Qd3 Rb7 15. Rfd1 a5 16. Rd2 Qc7 17. b3 Nd7 18. Nc1 Rc8 19. Qe2 Nc5 20. Nd3 Nxd3 21. Qxd3 h6 22. h4 Qb8 23. Rad1 Rc3 24. Qa6 Qc7 25.
Qe2 Rb8 26. Bf1 Rc8 27. Qb5 h5 28. Be2 Rb8 29. Qa6 Rc6 30. Qd3 g6 31. Bf1 Rc3 32. Qe2 Rc8 33. Qa6 Rc6 34. Qb5 Rb8 35.
Qd3 Rc3 36. Qe2 Bg4 37. f3 Be6 38. Bf2 Rc8 39. Qa6 Rxf3 40. Qb6 Rxg3+ 41. Kh1 Rc3 42.
Qxc7 R8xc7 43. Bb6 Rc8 44. Bxa5 Bxh4 45. Bxb4 Rxc2 46.
Bxd6 Rxd2 47. Rxd2 Rc1 48. Kg2 Bxb3 49. a5 Ra1 50. a6 Bf6 51. Rb2 Be6 52. Rb8+ Kg7 53. Rb7 Bc8 54. Rb6 Ra2+ 55. Kg1 h4 56. Bc7 Ra1 57.
Kf2 Ra2+ 58. Ke1 h3 59. Rb8 Ra1+ 60. Kf2 Bxa6 61. Bxh3 Ra2+ 62. Kg3 Ra3+ 63. Kh2 Bd3 64. Bg2 Ra2 65. Kg1 Bh4 66. Rd8 Bf6 67. Rxd3 Ra1+ 68. Kh2 Ra2 69. Bd6 Rc2 70. Bb4 Rb2 71.
Bd2 Rc2 72. Be3 Re2 73. Kg3 Rc2 74. Bf3 Rb2 75. Bd2 Rc2 76. Bc3 Ra2 77. Bd1 Ra3 78. Bc2 Ra2 79. Bb3 Re2 80. Kf3 Rh2 81. Kg4 Rh4+ 82.
Kf3 Rh3+ 83. Ke2 Rxd3 84. Kxd3 Kf8 85. Bb4+ Kg7 86. Ke2 Kg8 87. Kf3 Kg7 88. Kg4 Kg8 89. Bd2 Kg7 90. Bc1 Kg8 91. Be3 Kg7 92. Bd2 Be7 93.
Bc4 Bf6 94. Bd5 Be7 95. Kf3 Bf6 96. Bc3 Kg8 97. Kg4 Kg7 98. Bc6 Kg8 99. Bb4 Kg7 100. Bd7 Kg8 101. Kf3 Kg7 102. Bd6 Kg8 103. Ba3 Kg7 104.
Ke2 Kg8 105. Kd3 Kg7 106. Kc4 Bg5 107. Kd5 Bf4 108. Bc5 f5 109. exf5 gxf5 110. Bxf5 Kf6 111. Ke4 Kg7 112. Bg4 Bc1 113. Kxe5 Bb2+ 114. Ke4 Kh8 115. Kf5 Ba1 116. Ke4 Bb2 117. Kd3 Bg7 118. Kc2 Bf6 119. Bf2 Bg7 120. Be1 Bf6 121. Bf2 Bg7 122. Bh4 Kh7 123. Bf5+ Kh8 124. Bd3 Be5 125. Kb3 Bg7 126. Kc4 Be5 127. Bg5 Bg7 128. Bf4 Ba1 129. Kd5 Bg7 130. Ke6 Ba1 131. Kf7 Bg7 132. Bd2 Ba1 133. Bc1 Bc3 134. Bg5 Bb2 135. Kg6 Bc3 136. Bf6+ Bxf6 1/2-1/2

[Event "*** Titled Tuesday Blitz"]
[Site "Chess.com"]
[Date "2020.10.20"]
[Round "6"]
[White "JoliyRoger"]
[Black "garfield_pg"]
[Result "1-0"]
[WhiteElo "2442"]
[BlackElo "2308"]
[TimeControl "180+1"]
[EndTime "11:02:04 PDT"]
[Termination "JoliyRoger won by resignation"]

1. Nf3 Nf6 2. c4 g6 3. d4 Bg7 4.
Nc3 O-O 5. e4 d6 6. h3 c5 7. d5 b5 8. cxb5 a6 9. a4 Qa5 10. Bd2 Nbd7 11. Ra3 axb5 12. axb5 Qb4 1-0

[Event "*** Titled Tuesday Blitz"]
[Site "Chess.com"]
[Date "2020.10.20"]
[Round "6"]
[White "Boundless_Strike"]
[Black "Gloomy_Wanderer"]
[Result "1-0"]
[WhiteElo "2524"]
[BlackElo "2693"]
[TimeControl "180+1"]
[EndTime "11:02:11 PDT"]
[Termination "Boundless_Strike won by resignation"]

1. e4 c5 2. Nc3 a6 3. f4 b5 4. Nf3 Bb7 5. d3 e6 6. g3 d5 7. exd5 exd5 8. Bg2 d4 9. Ne4 Be7 10. O-O Nd7 11. Re1 Ngf6 12. Nd6+ Kf8 13. Nxb7 Qc7 14. Ne5 1-0

[Event "*** Titled Tuesday Blitz"]
[Site "Chess.com"]
[Date "2020.10.20"]
[Round "6"]
[White "Annawel"]
[Black "LyonBeast"]
[Result "1/2-1/2"]
[WhiteElo "2936"]
[BlackElo "3035"]
[TimeControl "180+1"]
[EndTime "11:02:54 PDT"]
[Termination "Game drawn by agreement"]

1. Nf3 d5 2. g3 g6 3. Bg2 Bg7 4. O-O Nf6 5. d4 O-O 6. c3 c6 7. Nbd2 Bf5 8. Nh4 Be6 9. Re1 Nbd7 10. e4 dxe4 11. Nxe4 Nxe4 12. Bxe4 Bd5 13. Bg2 Bxg2 14.
Kxg2 e5 15. Nf3 exd4 16. Nxd4 Nb6 1/2-1/2

[Event "*** Titled Tuesday Blitz"]
[Site "Chess.com"]
[Date "2020.10.20"]
[Round "6"]
[White "kleopl"]
[Black "Carnivoras"]
[Result "0-1"]
[WhiteElo "2449"]
[BlackElo "2637"]
[TimeControl "180+1"]
[EndTime "11:03:10 PDT"]
[Termination "Carnivoras won by resignation"]

1. e4 e5 2. Nf3 Nc6 3. c3 d5 4. Qa4 Bd7 5. exd5 Nd4 6. Qd1 Nxf3+ 7. Qxf3 Nf6 8. c4 Bc5 9. Be2 O-O 10. O-O Bg4 11. Qd3 e4 12. Qb3 Bxe2 13. Re1 Bd3 0-1

[Event "*** Titled Tuesday Blitz"]
[Site "Chess.com"]
[Date "2020.10.20"]
[Round "6"]
[White "Pavalamalli"]
[Black "sergeikim"]
[Result "0-1"]
[WhiteElo "2303"]
[BlackElo "2543"]
[TimeControl "180+1"]
[EndTime "11:03:18 PDT"]
[Termination "sergeikim won by resignation"]

1. e4 e5 2. Nf3 Nc6 3. Nc3 Nf6 4. Bb5 Bb4 5. O-O O-O 6. d3 d6 7. Bg5 Bxc3 8. bxc3 Qe7 9. Re1 Nd8 10. d4 Ne6 11. Bc1 c6 12. Bf1 Qc7 13. g3 c5 14. Bg2 b6 15. d5 Nd8 16. Bg5 Ne8 17. Nh4 f6 18. Bd2 g6 19. f4 exf4 20. gxf4 Nf7 21. Qg4 Bxg4 0-1

[Event "*** Titled Tuesday Blitz"]
[Site "Chess.com"]
[Date "2020.10.20"]
[Round "6"]
[White "stolencandy13"]
[Black "ftorodent"]
[Result "0-1"]
[WhiteElo "2465"]
[BlackElo "2667"]
[TimeControl "180+1"]
[EndTime "11:04:11 PDT"]
[Termination "ftorodent won by resignation"]

1. d4 f5 2. Bg5 g6 3. g4 d5 4. gxf5 Bxf5 5. e3 Qd7 6. Bd3 Nc6 7. Nd2 e5 8. c3 Bxd3 9. Qb3 Be7 10. Bxe7 Ngxe7 11.
O-O-O O-O-O 12. Ngf3 e4 13. Ng5 Qf5 14. f4 h6 0-1

[Event "*** Titled Tuesday Blitz"]
[Site "Chess.com"]
[Date "2020.10.20"]
[Round "6"]
[White "sjam6687"]
[Black "chito89"]
[Result "1-0"]
[WhiteElo "2658"]
[BlackElo "2799"]
[TimeControl "180+1"]
[EndTime "11:04:23 PDT"]
[Termination "sjam6687 won by resignation"]

1. d4 Nf6 2. c4 e6 3. Nf3 Bb4+ 4. Bd2 a5 5. Qc2 O-O 6. e4 d6 7. Bd3 e5 8. O-O Nc6 9. d5 Ne7 10. a3 Bc5 11. Nc3 Ng6 12. h3 Nh5 13. Ne2 Qf6 14. Bg5 1-0

[Event "*** Titled Tuesday Blitz"]
[Site "Chess.com"]
[Date "2020.10.20"]
[Round "6"]
[White "RestartingChess"]
[Black "zmeeed67"]
[Result "0-1"]
[WhiteElo "2499"]
[BlackElo "2357"]
[TimeControl "180+1"]
[EndTime "11:04:26 PDT"]
[Termination "zmeeed67 won by resignation"]

1. e4 Nc6 2. Nf3 d6 3. d4 Nf6 4. Bd3 Bg4 5. c3 e5 6. d5 Ne7 7.
h3 Bd7 8. g4 Ng6 9. Bg5 Be7 10.
Nbd2 Nxd5 11. exd5 Bxg5 12. Ne4 Be7 13. Qb3 Nf4 14.
O-O-O Rb8 15. Ng3 g6 16. Rhe1 O-O 17. Rh1 a6 18. h4 Bxg4 19. h5 Bxf3 20. hxg6 fxg6 21.
Qc2 Bg5 22. Kb1 Nxd3 23. Qxd3 Bxd1 0-1

[Event "*** Titled Tuesday Blitz"]
[Site "Chess.com"]
[Date "2020.10.20"]
[Round "6"]
[White "KatarinaOstojic"]
[Black "Koalaskakistis"]
[Result "0-1"]
[WhiteElo "2331"]
[BlackElo "2458"]
[TimeControl "180+1"]
[EndTime "11:04:27 PDT"]
[Termination "Koalaskakistis won by resignation"]

1. d4 f5 2. g3 Nf6 3. Bg2 e6 4. Nf3 Be7 5. O-O O-O 6. b3 d6 7. Bb2 Ne4 8. c4 Bf6 9. Nc3 Nc6 10. e3 Nxc3 11. Bxc3 e5 12. dxe5 dxe5 13. Rc1 Qe7 14.
Qc2 a5 15. Rfd1 e4 16. Bxf6 Qxf6 17. Nd4 Nb4 18. Qd2 Nd3 19. Rb1 Be6 20. Bf1 Ne5 21. Bg2 Rfd8 22. Qe2 Bf7 23. Nb5 c6 24. Nd6 0-1

[Event "*** Titled Tuesday Blitz"]
[Site "Chess.com"]
[Date "2020.10.20"]
[Round "6"]
[White "Guenplen"]
[Black "OhanyanEminChess"]
[Result "1-0"]
[WhiteElo "2843"]
[BlackElo "2650"]
[TimeControl "180+1"]
[EndTime "11:04:30 PDT"]
[Termination "Guenplen won by resignation"]

1. d4 Nf6 2. Bf4 c5 3. e3 e6 4. c3 b6 5. Nd2 Bb7 6. Ngf3 d6 7. Nc4 Nc6 8. dxc5 dxc5 9. Qa4 Be7 10. Nce5 Qc8 11. Bb5 1-0

[Event "*** Titled Tuesday Blitz"]
[Site "Chess.com"]
[Date "2020.10.20"]
[Round "6"]
[White "MalyDominator"]
[Black "talman67"]
[Result "0-1"]
[WhiteElo "2371"]
[BlackElo "2530"]
[TimeControl "180+1"]
[EndTime "11:04:51 PDT"]
[Termination "talman67 won by resignation"]

1. e4 c5 2. Nf3 d6 3. d4 cxd4 4.
Nxd4 Nf6 5. Nc3 Nc6 6. Bg5 e6 7.
Qd2 a6 8. O-O-O Bd7 9. f4 Be7 10. Nf3 h6 11. Bxf6 gxf6 12. g3 b5 13. f5 Qb6 14. Bh3 b4 15. Ne2 e5 16. g4 a5 17.
Ng3 a4 18. Nf1 b3 19. a3 bxc2 20. Kxc2 Qb3+ 21. Kb1 Qxf3 0-1

[Event "*** Titled Tuesday Blitz"]
[Site "Chess.com"]
[Date "2020.10.20"]
[Round "6"]
[White "Mbneu"]
[Black "MoreChessJulia"]
[Result "1-0"]
[WhiteElo "2229"]
[BlackElo "1990"]
[TimeControl "180+1"]
[EndTime "11:04:52 PDT"]
[Termination "Mbneu won by resignation"]

1. d4 g6 2. c4 Bg7 3. f4 c5 4.
d5 d6 5. e4 h5 6. Be2 Nh6 7.
Nf3 Bg4 8. h3 Bxf3 9. Bxf3 Nd7 10. O-O f5 11. Nd2 O-O 12. exf5 Nxf5 13. Ne4 Bd4+ 14. Kh2 Nf6 15. Ng5 Qd7 16. Qe1 Nh7 17. Ne6 Bf6 18. Be4 Bh4 19. Nxf8 Rxf8 20. Bxf5 1-0

[Event "*** Titled Tuesday Blitz"]
[Site "Chess.com"]
[Date "2020.10.20"]
[Round "6"]
[White "TurboSteen"]
[Black "CLG_Nemsko"]
[Result "1-0"]
[WhiteElo "2045"]
[BlackElo "2194"]
[TimeControl "180+1"]
[EndTime "11:04:57 PDT"]
[Termination "TurboSteen won by resignation"]

1. e4 e5 2. Nf3 Nc6 3. Bb5 a6 4. Ba4 Nf6 5. O-O Be7 6. Re1 b5 7.
Bb3 O-O 8. c3 d6 9. d4 Bg4 10.
d5 Na5 11. Bc2 c6 12. h3 Bd7 13. Nxe5 dxe5 14. d6 Re8 15. dxe7 Qxe7 16. Bg5 Rad8 17.
Nd2 h6 18. Bh4 Nb7 19. Qf3 Bxh3 20. Nf1 Bc8 21. Ng3 Rd2 22. Nh5 Rxc2 23. Bxf6 gxf6 24. Qg3+ 1-0

[Event "*** Titled Tuesday Blitz"]
[Site "Chess.com"]
[Date "2020.10.20"]
[Round "6"]
[White "ChessArchitect64"]
[Black "Arfan48"]
[Result "0-1"]
[WhiteElo "2057"]
[BlackElo "2369"]
[TimeControl "180+1"]
[EndTime "11:04:58 PDT"]
[Termination "Arfan48 won by resignation"]

1. e4 c6 2. d4 d5 3. e5 c5 4. c3 Nc6 5. Nf3 cxd4 6. cxd4 Bg4 7. Be3 e6 8. Nc3 Nge7 9. h3 Bxf3 10.
Qxf3 Nf5 11. Qd1 Qb6 12. Bb5 Bb4 13. Bxc6+ Qxc6 14. Rc1 O-O 15. a3 Bxc3+ 16. bxc3 Qa6 17. a4 f6 18. exf6 Rxf6 19. Bf4 Nh4 20. Bg5 Nxg2+ 21. Kd2 Rxf2+ 0-1

[Event "*** Titled Tuesday Blitz"]
[Site "Chess.com"]
[Date "2020.10.20"]
[Round "6"]
[White "Belka1989"]
[Black "GlennTipton"]
[Result "1-0"]
[WhiteElo "2296"]
[BlackElo "2416"]
[TimeControl "180+1"]
[EndTime "11:04:59 PDT"]
[Termination "Belka1989 won by resignation"]

1. d4 Nf6 2. Nf3 g6 3. Bf4 Bg7 4. e3 O-O 5. Be2 b6 6. O-O Bb7 7. h3 d6 8. a4 a6 9. c3 Nbd7 10.
Nbd2 Ne4 11. Bh2 e5 12. Nxe4 Bxe4 13. Nd2 Bb7 14. Bf3 d5 15. Qb3 e4 16. Be2 c5 17. dxc5 Nxc5 18. Qa3 f5 19. a5 Rc8 20. Rfd1 b5 21. Nb3 Nxb3 22. Qxb3 Qe7 23. Rd2 Be5 24. Bxe5 Qxe5 25. g3 g5 26. Rad1 f4 27. Rxd5 Bxd5 28.
Rxd5 Qe7 29. Rd7+ 1-0

[Event "*** Titled Tuesday Blitz"]
[Site "Chess.com"]
[Date "2020.10.20"]
[Round "6"]
[White "Synctel"]
[Black "mshuaau0"]
[Result "0-1"]
[WhiteElo "1991"]
[BlackElo "2224"]
[TimeControl "180+1"]
[EndTime "11:05:04 PDT"]
[Termination "mshuaau0 won by resignation"]

1. e4 e6 2. d4 c5 3. Nd2 cxd4 4. Nb3 e5 5. c3 dxc3 6. bxc3 Nf6 7. Bd3 Nc6 8. Ne2 Be7 9. O-O O-O 10. f4 d6 11.
f5 d5 12. exd5 Qxd5 13. c4 Qd8 14. Bb2 a5 15. a3 a4 16. Nbc1 Qb6+ 0-1

[Event "*** Titled Tuesday Blitz"]
[Site "Chess.com"]
[Date "2020.10.20"]
[Round "6"]
[White "Firouzja2003"]
[Black "ChristopherYoo"]
[Result "1-0"]
[WhiteElo "3013"]
[BlackElo "2839"]
[TimeControl "180+1"]
[EndTime "11:05:15 PDT"]
[Termination "Firouzja2003 won by resignation"]

1. f4 g6 2. Nf3 b6 3. e4 Bb7 4. Nc3 Bg7 5. d4 e6 6. Bd3 Ne7 7. O-O O-O 8. Qe1 Nbc6 9. Ne2 a5 10. c3 a4 11. Be3 Na5 12. Rd1 d5 13. e5 Ba6 14.
Bxa6 Rxa6 15. g4 Qd7 16. Ng3 Nc4 17. Bc1 c5 18. Qe2 Rd8 19. f5 exf5 20. gxf5 Nxf5 21.
Nxf5 gxf5 22. Nh4 1-0

[Event "*** Titled Tuesday Blitz"]
[Site "Chess.com"]
[Date "2020.10.20"]
[Round "6"]
[White "Bwert2602"]
[Black "UmarovSabir"]
[Result "0-1"]
[WhiteElo "2237"]
[BlackElo "2355"]
[TimeControl "180+1"]
[EndTime "11:05:16 PDT"]
[Termination "UmarovSabir won by resignation"]

1. e4 g6 2. d4 Bg7 3. c3 d5 4.
e5 c5 5. h4 Nc6 6. h5 cxd4 7.
cxd4 Qb6 8. Ne2 Bg4 9. f3 Bf5 10. Nbc3 Nb4 11. g4 Bc2 12. Nxd5 Qa5 13. Nec3 Bxd1 14.
Bb5+ Kf8 15. h6 Nxd5 16. hxg7+ Kxg7 0-1

[Event "*** Titled Tuesday Blitz"]
[Site "Chess.com"]
[Date "2020.10.20"]
[Round "6"]
[White "anon481216"]
[Black "BikingBrian"]
[Result "1/2-1/2"]
[WhiteElo "2402"]
[BlackElo "2249"]
[TimeControl "180+1"]
[EndTime "11:05:19 PDT"]
[Termination "Game drawn by agreement"]

1. d4 Nf6 2. c4 g6 3. Nc3 Bg7 4. e4 d6 5. Be2 O-O 6. Bg5 c5 7. d5 e6 8. Nf3 exd5 9. exd5 Qb6 10. Qd2 Bf5 11. O-O Ne4 12. Nxe4 Bxe4 13. Bh6 Bxf3 14.
Bxf3 Re8 15. Bxg7 Kxg7 16. Bg4 Na6 17. Rfe1 Qd8 18. Qc3+ Qf6 19. Qxf6+ Kxf6 20. a3 Nc7 21. f4 Rxe1+ 22. Rxe1 Re8 23. Rxe8 Nxe8 24. Kf2 Ke7 25. Ke3 Nf6 26. Bd1 Nd7 27. b4 b6 28. b5 f5 29. h4 h5 1/2-1/2

[Event "*** Titled Tuesday Blitz"]
[Site "Chess.com"]
[Date "2020.10.20"]
[Round "6"]
[White "enriquebutti"]
[Black "Deepweb2020"]
[Result "1-0"]
[WhiteElo "2012"]
[BlackElo "2216"]
[TimeControl "180+1"]
[EndTime "11:05:22 PDT"]
[Termination "enriquebutti won by resignation"]

1. d4 Nf6 2. Nf3 e6 3. e3 b6 4. Bd3 Bb7 5. O-O d5 6. b3 Be7 7. Bb2 O-O 8. c4 dxc4 9. bxc4 c5 10. Nc3 cxd4 11. exd4 Nc6 12. Qe2 Nxd4 13. Nxd4 Qxd4 14.
Nd5 Qc5 15. Bxf6 Bxf6 16. Qe4 g6 17. Nxf6+ Kg7 18. Qxb7 Kxf6 19. Qf3+ Kg7 20. Rfd1 Rac8 21.
Bf1 Rc7 22. Qc3+ Kg8 23. Qd4 Qb4 24. Rab1 Qa3 25. Qd6 Rc5 26. Qe7 Rf5 27. Qxa3 1-0

[Event "*** Titled Tuesday Blitz"]
[Site "Chess.com"]
[Date "2020.10.20"]
[Round "6"]
[White "AurumO"]
[Black "rugbyclub"]
[Result "1-0"]
[WhiteElo "1965"]
[BlackElo "2180"]
[TimeControl "180+1"]
[EndTime "11:05:30 PDT"]
[Termination "AurumO won by resignation"]

1. e4 e6 2. d4 d5 3. exd5 exd5 4. Bd3 Nc6 5. Nf3 Bd6 6. c3 Nge7 7. O-O Bg4 8. a4 Qd7 9. a5 f6 10. b4 Ng6 11. Re1+ Nce7 12. Nbd2 O-O-O 13. b5 Nh4 14. b6 cxb6 15. axb6 a6 16. c4 Bb8 17. cxd5 Nxf3+ 18. Nxf3 Bxf3 19. Qc2+ Nc6 20. Bf5 Bxd5 21. Bxd7+ Kxd7 22. Qf5+ 1-0